 Dungeon Crawl Stone Soup version 0.29.1-2-gbd0b4ee654 (webtiles) character file.

Game seed: 1669787672393467061

1082 haplo81 the Cleaver (level 8, -5/64 HPs)
             Began as a Minotaur Berserker on Nov 8, 2022.
             Was a Priest of Trog.
             Shot with a bolt by an orc warrior (16 damage)
             ... on level 6 of the Dungeon.
             The game lasted 00:44:24 (4897 turns).

haplo81 the Cleaver (Minotaur Berserker)            Turns: 4897, Time: 00:44:25

Health: -5/64      AC: 12    Str: 24    XL:     8   Next: 8%
Magic:  0/7        EV:  7    Int:  4    God:    Trog [***...]
Gold:   196        SH:  0    Dex: 10    Spells: 7/7 levels left

rFire   . . .      SeeInvis .   t - +0 war axe (vamp)
rCold   . . .      Faith    .   (no shield)
rNeg    . . .      Spirit   +   k - +0 plate armour
rPois   .          Reflect  .   (helmet restricted)
rElec   .          Harm     .   (no cloak)
rCorr   .          Rampage  .   (no gloves)
Will    .....                   h - +0 pair of boots
Stlth   ..........              m - amulet of guardian spirit
HPRegen 0.20/turn               (no ring)
MPRegen 0.10/turn               (no ring)

@: no status effects
A: horns 2, retaliatory headbutt
a: Renounce Religion, Berserk, Trog's Hand


You were on level 6 of the Dungeon.
You worshipped Trog.
Trog was most pleased with you.
You visited 1 branch of the dungeon, and saw 6 of its levels.

You collected 196 gold pieces.

Inventory:

Hand Weapons
 a - a +0 hand axe
 n - a +0 hand axe
 t - a +0 vampiric war axe (weapon)
Missiles
 o - 3 javelins (quivered)
Armour
 f - a +0 scale mail
 h - a +0 pair of boots (worn)
 k - a +0 plate armour (worn)
Jewellery
 m - an amulet of guardian spirit (around neck)
Scrolls
 q - 2 scrolls of identify
 r - a scroll of teleportation {unknown}
 u - a scroll of torment {unknown}
Potions
 b - a potion of haste {unknown}
 c - 3 potions of mutation
 d - 2 potions of brilliance {unknown}
 e - 3 potions of heal wounds {unknown}
 g - a potion of degeneration {unknown}
 i - 3 potions of might
 j - a potion of resistance {unknown}
 l - a potion of curing {unknown}
 p - 2 potions of cancellation {unknown}
 s - a potion of magic {unknown}


   Skills:
 - Level 3.6 Fighting
 + Level 11.7 Axes
 - Level 2.4 Armour
 - Level 2.1 Dodging
 - Level 1.0 Stealth


You had 7 spell levels left.
You didn't know any spells.
Your spell library was empty.

Dungeon Overview and Level Annotations

Branches:
Dungeon (6/15)
 Temple: D:4-7

Altars:
Elyvilon
Hepliaklqana
Qazlal

Shops:
D:5 [


Innate Abilities, Weirdness & Mutations

You have a pair of horns on your head.
You reflexively headbutt those who attack you in melee.


Message History

Found a scroll labelled WENUTSUOTT.
A necrophage is nearby!
A white imp comes into view.
An orc warrior, an orc and 2 orc priests come into view.
The orc warrior shouts!
The orc shouts!
The orc priest shouts!
You hear a shout!
The necrophage barely misses you.
The orc priest looks encouraged for a moment.
An orc comes into view. It is wielding a +0 hand axe.
You barely miss the necrophage.
The white imp shouts, "Remove thy stench, thou pecksniffian fly-bitten bandersnitch!"
The necrophage hits you but does no damage.
You barely miss the necrophage. You headbutt the necrophage.
The necrophage is moderately damaged.
The necrophage completely misses you.
You slash the necrophage!
The necrophage is heavily damaged.
The necrophage hits you but does no damage.
The white imp gestures at you.
The puff of frost hits you but does no damage.
The orc warrior unwields a +0 war axe.
The orc warrior wields a +0 arbalest.
The orc warrior shoots a bolt.
The bolt hits you.
The necrophage hits you but does no damage.
The necrophage attacks as you move away!
The necrophage closely misses you. You furiously retaliate!
You headbutt the necrophage.
The orc priest casts a cantrip, but nothing happens.
You slash the necrophage!
You destroy the necrophage!
Trog accepts your kill.
The orc priest looks braver for a moment.
The orc warrior shoots a bolt.
The bolt hits you!
The orc warrior shoots a bolt.
The bolt hits you! The white imp gestures at you. The puff of frost hits you!
The orc warrior shoots a bolt.
The bolt hits you!! The white imp gestures at you. The puff of frost hits you!
* * * LOW HITPOINT WARNING * * *
The orc warrior shoots a bolt.
The bolt hits you!
You die...

#..........5.........#
.
#.....o.#####.##.###.#
#.....#...###.##... .#
#......o..o##...###...
#....###.#.##.#. .....
#.... #o.5##.###...
..# #... ##...........
#### ##.#........
#..@...#. ##.....#
##..### ....# .....#
#.$....#. #....#...#
.......#.. #(.....>.


You could see an orc warrior and a white imp.

Vanquished Creatures
  An ice beast (D:6)
  A black bear (D:6)
  A centaur (D:5)
  2 phantoms
  A necrophage (D:6)
  3 scorpions
  3 hounds (D:5)
  An orc priest (D:4)
  A jelly (D:4)
  2 iguanas
  Jessica (D:3)
  2 orc wizards (D:4)
  Robin (D:2)
  6 adders
  A shadow imp (D:5)
  2 worms (D:2)
  12 orcs
  4 bats
  6 endoplasms
  2 giant cockroaches
  13 goblins
  6 hobgoblins
  3 kobolds
  2 quokkas
  2 ball pythons
  A frilled lizard (D:3)
  7 rats
87 creatures vanquished.

Vanquished Creatures (others)
  A butterfly (D:4)
1 creature vanquished.

Grand Total: 88 creatures vanquished

Notes
Turn   | Place    | Note
-------+----------+-------------------------------------------
     0 | D:1      | haplo81 the Minotaur Berserker began the quest for the Orb.
     0 | D:1      | Reached XP level 1. HP: 19/19 MP: 0/0
   328 | D:1      | Reached skill level 4 in Axes
   556 | D:1      | Reached XP level 2. HP: 25/26 MP: 1/1
  1495 | D:2      | Reached skill level 5 in Axes
  1512 | D:2      | Noticed Robin
  1518 | D:2      | Reached XP level 3. HP: 31/31 MP: 2/2
  1528 | D:2      | Reached ** piety under Trog
  1529 | D:2      | Killed Robin
  2018 | D:3      | Noticed Jessica
  2038 | D:3      | Reached XP level 4. HP: 22/39 MP: 3/3
  2044 | D:3      | Killed Jessica
  2045 | D:3      | Reached skill level 6 in Axes
  2671 | D:4      | Noticed a phantom
  2689 | D:3      | Killed a phantom
  2690 | D:3      | Reached skill level 7 in Axes
  2690 | D:3      | Reached skill level 1 in Stealth
  2690 | D:3      | Reached XP level 5. HP: 45/45 MP: 4/4
  2739 | D:4      | Found a white marble altar of Elyvilon.
  3284 | D:4      | Reached skill level 8 in Axes
  3284 | D:4      | Reached XP level 6. HP: 46/51 MP: 5/5
  3424 | D:4      | Reached skill level 9 in Axes
  3891 | D:5      | Entered Level 5 of the Dungeon
  3971 | D:5      | Reached XP level 7. HP: 57/57 MP: 6/6
  4170 | D:5      | Reached *** piety under Trog
  4171 | D:5      | Reached skill level 10 in Axes
  4279 | D:5      | Found Inlila's Antique Armour Shop.
  4628 | D:6      | Found a hazy altar of Hepliaklqana.
  4645 | D:6      | Reached skill level 11 in Axes
  4656 | D:6      | Found a stormy altar of Qazlal.
  4669 | D:6      | Reached XP level 8. HP: 53/64 MP: 7/7
  4795 | D:6      | Noticed a troll
  4897 | D:6      | Shot with a bolt by an orc warrior

Illustrated notes

Levels and vault maps discovered:
D:1:      dpeg_arrival_water_fire, layout_basic
D:2:      layout_rooms, uniq_robin
D:3:      layout_rooms, kennysheep_another_room, uniq_jessica
D:4:      layout_loops_ring, nicolae_elyvilon_peaceful_grove,
          nicolae_elevator_lobby_plus
D:5:      layout_gridville, hangedman_decor_opposing, nicolae_stop_n_shop_1
D:6:      layout_rooms, lemuel_tele_altar, grunt_ashenzari_visionary
          [grunt_ashenzari_visionary_swamp, grunt_ashenzari_visionary_spider],
          doesnt_xom_only_xom, nicolae_qazlal_scattered_showers,
          mainiacjoe_overflow_small_starburst

Skill      XL: |  1  2  3  4  5  6  7 |
---------------+----------------------+-----
Axes           | 4 5 7 8 9 11 | 11.7
Stealth        | 1 |  1.0
Fighting       | |  3.6
Armour         | |  2.4
Dodging        | |  2.1

Action                   |  1- 3 |  4- 6 |  7- 9 || total
-------------------------+-------+-------+-------++-------
Melee: Hand axe          |    83 |    77 |       ||   160
       Headbutt          |     7 |    15 |    10 ||    32
       Punch             |     1 |       |     1 ||     2
       War axe           |       |    11 |    43 ||    54
Throw: Javelin           |       |       |     3 ||     3
Invok: Berserk           |     1 |     2 |       ||     3
  Use: Scroll            |     5 |     4 |       ||     9
Armor: Scale mail        |    37 |     2 |       ||    39
       Animal skin       |     2 |       |       ||     2
       Plate armour      |       |    40 |    33 ||    73
Dodge: Dodged            |    40 |    24 |    28 ||    92
